 Dungeon Crawl Stone Soup version 0.26-a0-651-gb41185065b (console) character file.

Game seed: 15461740907969464305

414 om the Sneak (level 6, -7/41 HPs)
             Began as a Vampire Ice Elementalist on Sept 29, 2020.
             Was an Initiate of Gozag.
             Killed by nerve-wracking pain
             ... invoked by Grinder
              (13 damage)
             ... while paralysed by Grinder
             ... on level 4 of the Dungeon.
             The game lasted 00:06:31 (2957 turns).

om the Sneak (Vampire Ice Elementalist)             Turns: 2957, Time: 00:06:32

Health: -7/41      AC:  3    Str:  9    XL:     6   Next: 60%
Magic:  3/10       EV:  2    Int: 17    God:    Gozag
Gold:   275        SH:  0    Dex: 15    Spells: 7/11 levels left

rFire    . . .     SeeInvis +   j - +1 short sword (venom)
rCold    . . .     Faith    .   b - +0 buckler
rNeg     . . .     Spirit   .   f - +0 robe
rPois    .         Reflect  .   (no helmet)
rElec    .         Harm     .   (no cloak)
rCorr    .         Rampage  .   k - +0 pair of gloves
MR       .....                  (no boots)
Stlth    +++.......             (no amulet)
HPRegen  0.33/turn              (no ring)
MPRegen  0.12/turn              (no ring)

@: paralysed, regenerating quickly
A: fangs 3, see invisible, unbreathing
a: Exsanguinate, Potion Petition, Call Merchant, Bribe Branch, Renounce Religion


You were on level 4 of the Dungeon.
You worshipped Gozag.
Gozag was aware of your devotion.
You visited 1 branch of the dungeon, and saw 6 of its levels.

You collected 287 gold pieces.
You paid 12 gold pieces to Gozag.

Inventory:

Hand Weapons
 a - a +0 dagger
 j - a +1 short sword of venom (weapon)
Armour
 b - a +0 buckler (worn)
 f - a +0 robe (worn)
 k - a +0 pair of gloves (worn)
Wands
 m - a wand of digging (5)
Scrolls
 c - 3 scrolls of teleportation {unknown}
 d - 4 scrolls of remove curse {unknown}
 g - 2 scrolls of amnesia {unknown}
 h - 6 scrolls of identify {unknown}
 l - 2 scrolls of noise {unknown}
Potions
 e - 2 potions of berserk rage
 i - a potion of invisibility {unknown}
 n - a potion of stabbing {unknown}
 o - a potion of cancellation {unknown}
 p - 2 potions of might {unknown}
 q - a potion of heal wounds {unknown}


   Skills:
 + Level 2.3 Short Blades
 - Level 2.1 Dodging
 + Level 5.4 Stealth
 * Level 3.5 Shields
 - Level 3.0 Spellcasting
 - Level 5.0 Ice Magic


You had 7 spell levels left.
You knew the following spells:

 Your Spells              Type           Power        Failure   Level
a - Freeze                Ice            ###.         2%          1
b - Frozen Ramparts       Ice            ###...       7%          3

Your spell library contained the following spells:

 Spells                   Type           Power        Failure   Level
 Ozocubu's Armour         Ice            ###.....     7%          3
 Hailstorm                Conj/Ice       ##......     54%         4
 Summon Ice Beast         Ice/Summ       ##......     54%         4


Dungeon Overview and Level Annotations

Branches:
Dungeon (6/15)
 Temple: D:4-7

Altars:
Gozag
Nemelex Xobeh
Sif Muna
Trog
The Shining One

Annotations:
D:4 Grinder


Innate Abilities, Weirdness & Mutations

Your natural rate of healing is unusually fast.
You have razor-sharp teeth.
You have supernaturally acute eyesight. (SInv)
You can survive without breathing.


Message History

You block the orc wizard's attack.
The orc wizard begins to cast a cantrip, but forgets the words!
The orc wizard looks braver for a moment.
The orc hits you with a +0 mace. The orc closely misses you.
You block the orc's attack. The quokka skeleton closely misses you.
Grinder shouts!
Grinder gestures at you.
You suddenly lose the ability to move!
The orc hits you with a +0 mace. The orc hits you.
* * * LOW HITPOINT WARNING * * *
The quokka skeleton bites you.
* * * LOW HITPOINT WARNING * * *
The orc wizard gestures at you while chanting.
The puff of frost hits you.
* * * LOW HITPOINT WARNING * * *
Grinder gestures at you. Pain shoots through your body!
You die...
Your body crumbles into a pile of gold.

$ $ ##### ##...##
##.....## $
#.......#
#.......#
#oo.....#
####@o....##
........Z>...?#
#......###.......#
#.....# #.......#
#.....# ##.....##
#.....# ##5..##
#?....# #$###
....## ##.#
####..####.!#
#.$..ยง$....##
#.###.######


You could see Grinder, an orc wizard, 2 orcs and a quokka skeleton.

Vanquished Creatures
  Sigmund (D:6)
  A jelly (D:3)
  An orc priest (D:4)
  Jessica (D:6)
  A worker ant (D:5)
  3 adders
  A shadow imp (D:2)
  An ooze (D:2)
  3 worms
  2 dart slugs
  A leopard gecko (D:2)
  5 orcs
  3 ball pythons
  7 giant cockroaches
  9 goblins
  9 hobgoblins
  6 jackals (D:1)
  7 kobolds
  5 quokkas
  3 bats (D:2)
  6 frilled lizards
  4 rats
80 creatures vanquished.

Vanquished Creatures (others)
  8 plants (D:1)
8 creatures vanquished.

Grand Total: 88 creatures vanquished

Notes
Turn   | Place    | Note
-------+----------+-------------------------------------------
     0 | D:1      | om the Vampire Ice Elementalist began the quest for the
                  | Orb.
     0 | D:1      | Reached XP level 1. HP: 13/13 MP: 3/3
   303 | D:1      | Reached XP level 2. HP: 19/19 MP: 3/5
   628 | D:1      | Reached skill level 1 in Shields
  1058 | D:2      | Found a glowing golden altar of the Shining One.
  1058 | D:2      | Found a bloodstained altar of Trog.
  1068 | D:2      | Reached XP level 3. HP: 24/24 MP: 6/6
  1180 | D:2      | Learned a level 3 spell: Frozen Ramparts
  1348 | D:2      | HP: 1/24 [shadow imp (3)]
  1625 | D:2      | Found a bloodstained altar of Trog.
  1631 | D:2      | Reached XP level 4. HP: 28/30 MP: 7/7
  1884 | D:2      | Found a sparkling altar of Nemelex Xobeh.
  1885 | D:2      | Found an opulent altar of Gozag.
  1898 | D:2      | Became a worshipper of Gozag Ym Sagoz the Greedy
  2081 | D:3      | Reached skill level 1 in Short Blades
  2397 | D:3      | Reached XP level 5. HP: 32/35 MP: 1/8
  2581 | D:3      | You fall into a shaft and drop 3 floors!
  2581 | D:6      | Found a shimmering blue altar of Sif Muna.
  2582 | D:6      | Noticed Jessica
  2610 | D:6      | Killed Jessica
  2670 | D:6      | Noticed Sigmund
  2685 | D:6      | Killed Sigmund
  2685 | D:6      | Reached skill level 5 in Stealth
  2685 | D:6      | Reached skill level 5 in Ice Magic
  2685 | D:6      | Reached XP level 6. HP: 27/41 MP: 6/10
  2744 | D:5      | Entered Level 5 of the Dungeon
  2923 | D:4      | Noticed Grinder
  2929 | D:4      | Paralysed by Grinder for 3 turns
  2954 | D:4      | Paralysed by Grinder for 4 turns
  2957 | D:4      | Killed from afar by Grinder

Illustrated notes

Levels and vault maps discovered:
D:1:      sevenhm_arrival_forest_fort_small_5, layout_rooms, serial_forest,
          infiniplex_forest_clump_diagonal, infiniplex_forest_clump_medium,
          infiniplex_forest_end_2, infiniplex_forest_corner_1,
          infiniplex_forest_zigzag_2, infiniplex_forest_join
D:2:      layout_rooms, grunt_temple_overflow_opulence,
          nicolae_overflow_hidden_temple, trog_butcher_becter
D:3:      minmay_wonky_spiral, layout_rooms, lemuel_coloured_pillars_altar,
          bh_walls_and_bars
D:4:      layout_rooms, temple_doors_e, uniq_grinder, uniq_crazy_yiuf_cottage,
          uniq_menkaure
D:5:      layout_layer_cave, vehumet_crystals, serial_shops,
          nicolae_shop_crystal
D:6:      layout_cave_pools, tgw_sif, uniq_sigmund

Skill      XL: |  1  2  3  4  5 |
---------------+----------------+-----
Shields        | 1 2 3 |  3.5
Stealth        | 4 5 |  5.4
Short Blades   | 1 2 |  2.3
Spellcasting   | 3 |  3.0
Ice Magic      | 5 |  5.0
Dodging        | |  2.1

Action                   |  1- 3 |  4- 6 || total
-------------------------+-------+-------++-------
Melee: Unarmed           |    24 |       ||    24
       Bite              |     8 |     4 ||    12
       Dagger            |    18 |       ||    18
       Short sword       |    38 |    62 ||   100
 Cast: Freeze            |    29 |     6 ||    35
       Frozen Ramparts   |     4 |    13 ||    17
  Use: Potion            |     2 |       ||     2
 Stab: Sleeping          |     2 |     6 ||     8
Armor: Robe              |    15 |     6 ||    21
       Skin              |    10 |       ||    10
Dodge: Dodged            |    58 |    41 ||    99
Block: Buckler           |    16 |    17 ||    33

Table legend: (Time is in decaauts)
 A = Elapsed time spent in this place.
 B = Non-inter-level travel time spent in this place.
 C = Inter-level travel time spent in this place.
 D = Time resting spent in this place.
 E = Time spent auto-exploring this place.
 F = Levels seen in this place.
 G = Mean time per level.
                   A        B        C        D        E       F      G
               +--------+--------+--------+--------+--------+-----+--------+
         Total |   2965 |   2907 |     58 |    922 |   1234 |   6 |  494.2 |
       Dungeon |   2965 |   2907 |     58 |    922 |   1234 |   6 |  494.2 |
               +--------+--------+--------+--------+--------+-----+--------+

Top non-repeatable levels by time:
     D:1: 1059 daAuts
     D:2: 878 daAuts
     D:3: 651 daAuts
     D:6: 162 daAuts
     D:5: 159 daAuts
     D:4: 52 daAuts
